 Dungeon Crawl Stone Soup version 0.27-a0-13-g87abb2d9eb (webtiles) character file.

Game seed: 9568531684534796955

2778 sahdkjhfkaj the Destroyer (level 9, 0/48 HPs)
             Began as a Tengu Conjurer on Jan 2, 2021.
             Was a Follower of Cheibriados.
             Slain by an orc wizard
             ... wielding a +1 dagger of speed
              (1 damage)
             ... on level 7 of the Dungeon.
             The game lasted 00:09:14 (10326 turns).

sahdkjhfkaj the Destroyer (Tengu Conjurer)         Turns: 10326, Time: 00:09:14

Health: 0/48       AC:  2    Str: 11    XL:     9   Next: 70%
Magic:  13/17      EV: 18    Int: 23    God:    Cheibriados [*.....]
Gold:   585        SH:  0    Dex: 17    Spells: 11/18 levels left

rFire    + . .     SeeInvis .   s - +0 hand crossbow of Hufat {vorpal, rC+ Dex+3} (curse)
rCold    + . .     Faith    .   (no shield)
rNeg     . . .     Spirit   .   a - +0 robe
rPois    .         Reflect  .   (helmet restricted)
rElec    .         Harm     .   (no cloak)
rCorr    +         Rampage  .   (no gloves)
Will     .....                  (boots unavailable)
Stlth    ++........             (no amulet)
HPRegen  0.16/turn              b - ring of protection from fire
MPRegen  0.15/turn              h - ring of resist corrosion

@: flying quickly and evasively, very slow
A: beak, talons 3, able to fly
a: Stop Flying, Renounce Religion, Bend Time


You were on level 7 of the Dungeon.
You worshipped Cheibriados.
Cheibriados was aware of your devotion.
You visited 2 branches of the dungeon, and saw 8 of its levels.

You collected 585 gold pieces.

Inventory:

Hand Weapons
 s - the cursed +0 hand crossbow of Hufat (weapon) {vorpal, rC+ Dex+3}
   (You found it on level 5 of the Dungeon)

   Any bolt fired from it inflicts extra damage.
   It affects your dexterity (+3).
   It protects you from cold.
   It has a curse placed upon it.
Missiles
 t - 22 bolts
Armour
 a - a +0 robe (worn)
Jewellery
 b - a ring of protection from fire (left hand)
 h - a ring of resist corrosion (right hand)
 l - a cursed ring of attention {unknown}
 r - an uncursed ring of wizardry {unknown}
 v - a cursed ring of attention {unknown}
Wands
 p - a wand of iceblast (8)
 w - a wand of random effects (41)
 y - a wand of paralysis (17)
Scrolls
 e - 6 scrolls of amnesia
 g - 2 scrolls of fog
 i - 10 scrolls of remove curse
 j - 2 scrolls of fear
 k - 2 scrolls of magic mapping
 m - 6 scrolls of teleportation {!r}
 o - 3 scrolls of enchant weapon
 q - 3 scrolls of immolation
 x - a scroll of blinking {unknown}
Potions
 c - 4 potions of heal wounds
 d - 3 potions of curing {unknown}
 f - a potion of ambrosia {unknown}
 n - a potion of mutation {unknown}
 u - a potion of resistance {unknown}
 z - a potion of attraction {unknown}
 A - a potion of might {unknown}


   Skills:
 - Level 2.0 Fighting
 - Level 5.0 Dodging
 - Level 2.0 Stealth
 - Level 5.1 Spellcasting
 - Level 8.7 Conjurations
 - Level 5.0 Transmutations
 - Level 2.0 Fire Magic
 + Level 4.1 Invocations
 - Level 5.0 Evocations


You had 11 spell levels left.
You knew the following spells:

 Your Spells              Type           Power        Failure   Level
a - Magic Dart            Conj           100%         1%          1
b - Searing Ray           Conj           90%          1%          2
e - Fulminant Prism       Conj/Hex       12%          16%         4

Your spell library contained the following spells:

 Spells                   Type           Power        Failure   Level
 Dazzling Flash           Conj/Hex       50%          4%          3
 Iskenderun's Mystic Bla  Conj/Tloc      25%          16%         4


Dungeon Overview and Level Annotations

Branches:
Dungeon (7/15)             Temple (1/1) D:6

Altars:
Ashenzari
Cheibriados
Dithmenos
Elyvilon
Fedhas
Gozag
Hepliaklqana
Kikubaaqudgha
Makhleb
Nemelex Xobeh
Okawaru
Qazlal
Ru
Sif Muna
Trog
Uskayaw
Vehumet
Wu Jian
Xom
Yredelemnul
Zin
The Shining One


Innate Abilities, Weirdness & Mutations

You have a beak for a mouth.
You have claws for feet.
You can fly continuously.


Message History

An orc warrior comes into view. It is wielding a +0 short sword.
There is a stone staircase leading up here.
Casting: Magic Dart (safe; 1% risk of failure)
Confirm with . or Enter, or press ? or * to list all spells.
Aiming: Searing Ray (safe; 1% risk of failure)
Press: ? - help, Shift-Dir - straight line, f/p - orc priest
Aim: an orc priest, wielding a +0 war axe and wearing a +0 scale mail (heavily wounded, 16% to evade)
The searing ray hits the orc priest.
The orc priest is severely wounded.
The searing ray hits the orc warrior!
The orc warrior is moderately wounded. (Press . to maintain the ray.)
An orc comes into view. It is wielding a +3 dagger.
The orc wizard hits you with a +1 dagger of speed.
Unknown command.
The orc priest closely misses you.
The orc warrior hits you with a cursed +0 short sword!!
* * * LOW HITPOINT WARNING * * *
The orc wizard hits you with a +1 dagger of speed.
You die...

.## ... o.
#.## ...#
...#
####...#..#
#@oo......#
#oo........
#.........#
####...##..
...# . ...#
#.... ####


You could see an orc warrior, an orc priest, an orc wizard and an orc.

Vanquished Creatures
  Prince Ribbit (D:5)
  5 yaks
  A water moccasin (D:5)
  An ice beast (D:5)
  3 ogres
  A phantom (D:7)
  A centaur (D:6)
  5 bullfrogs
  3 scorpions
  2 howler monkeys (D:6)
  A bullfrog zombie (D:5)
  2 jellies
  3 orc wizards
  Terence (D:2)
  2 iguanas
  3 worker ants
  A hound skeleton (D:6)
  A worker ant zombie (D:5)
  A howler monkey skeleton (D:4)
  5 gnolls
  16 adders
  An ooze (D:5)
  An adder skeleton (D:4)
  5 worms
  5 leopard geckos
  20 orcs
  6 giant cockroaches
  12 goblins
  5 hobgoblins
  12 jackals
  10 kobolds
  4 quokkas
  A ball python (D:5)
  14 bats
  8 frilled lizards
  A quokka zombie (D:6)
  5 rats
169 creatures vanquished.

Vanquished Creatures (others)
  A jelly (D:6)
  A fulminant prism (D:5)
2 creatures vanquished.

Grand Total: 171 creatures vanquished

Notes
Turn   | Place    | Note
-------+----------+-------------------------------------------
     0 | D:1      | sahdkjhfkaj the Tengu Conjurer began the quest for the Orb.
     0 | D:1      | Reached XP level 1. HP: 10/10 MP: 4/4
   261 | D:1      | Reached XP level 2. HP: 15/15 MP: 3/6
   295 | D:1      | Learned a level 2 spell: Searing Ray
   425 | D:1      | Reached skill level 6 in Conjurations
  1320 | D:2      | Reached XP level 3. HP: 19/19 MP: 4/7
  2189 | D:2      | Reached skill level 7 in Conjurations
  2442 | D:2      | Reached XP level 4. HP: 24/24 MP: 4/8
  2578 | D:2      | Noticed Terence
  2584 | D:2      | Killed Terence
  2591 | D:2      | Learned a level 4 spell: Fulminant Prism
  3137 | D:3      | Gained mutation: You can fly continuously. [Tengu growth]
  3137 | D:3      | Reached XP level 5. HP: 28/28 MP: 6/11
  3976 | D:3      | Reached XP level 6. HP: 32/32 MP: 10/13
  4106 | D:3      | Found an opulent altar of Gozag.
  4154 | D:3      | Reached skill level 5 in Spellcasting
  4221 | D:3      | Reached skill level 1 in Evocations
  5513 | D:4      | Found a sparkling altar of Nemelex Xobeh.
  5570 | D:4      | Reached XP level 7. HP: 36/36 MP: 5/15
  5730 | D:4      | Reached skill level 1 in Invocations
  6105 | D:5      | Entered Level 5 of the Dungeon
  6418 | D:5      | Got an iridescent hand crossbow
  6418 | D:5      | Identified the cursed +0 hand crossbow of Hufat {vorpal,
                  | rC+ Dex+3} (You found it on level 5 of the Dungeon)
  6495 | D:5      | Noticed Prince Ribbit
  6739 | D:5      | Reached skill level 8 in Conjurations
  7048 | D:5      | Reached XP level 8. HP: 41/41 MP: 7/16
  7050 | D:5      | Killed Prince Ribbit
  7051 | D:5      | Reached skill level 5 in Evocations
  8476 | D:6      | Noticed a yak
  8476 | D:6      | Noticed a yak
  8477 | D:6      | Noticed a yak
  8478 | D:6      | Noticed a yak
  8480 | D:6      | Noticed a yak
  8505 | D:5      | Killed a yak
  8506 | D:5      | Reached skill level 5 in Dodging
  8506 | D:5      | Reached skill level 1 in Transmutations
  8711 | D:6      | Found a staircase to the Ecumenical Temple.
  8730 | Temple   | Entered the Ecumenical Temple
  8733 | Temple   | Reached XP level 9. HP: 41/45 MP: 13/17
  8910 | Temple   | Became a worshipper of Cheibriados the Contemplative
  9562 | D:6      | Reached skill level 5 in Transmutations
  9562 | D:6      | Reached skill level 1 in Fire Magic
  9566 | D:6      | Reached skill level 1 in Fighting
  9946 | D:6      | Reached * piety under Cheibriados
 10326 | D:7      | HP: 1/48 [orc warrior/cursed +0 short sword (19)]
 10326 | D:7      | Slain by an orc wizard

Illustrated notes

Levels and vault maps discovered:
D:1:      minmay_arrival_split_and_join, layout_loops_corners
D:2:      layout_loops_corners, grunt_decor_fettered, chequers_avenue,
          minmay_misc_feat_encased, uniq_terence
D:3:      minmay_razor_zed, layout_loops_corners, grunt_gozag_breadcrumbs,
          minmay_pentangle
D:4:      layout_gridville, nemelex_spade_bored_becter
D:5:      layout_gridville, uniq_prince_ribbit1
D:6:      minmay_spotlight, layout_basic, minmay_temple_entry_junction,
          lemuel_flamethrower_2
D:7:      layout_loops_ring, uniq_harold
Temple:   kilobyte_greek_temple

Skill      XL: |  1  2  3  4  5  6  7  8  9 |
---------------+----------------------------+-----
Conjurations   | 6 7 8 |  8.7
Spellcasting   | 3 4 5 |  5.1
Evocations     | 2 4 5 |  5.0
Invocations    | 1 4 |  4.1
Dodging        | 3 5 |  5.0
Transmutations | 1 5 |  5.0
Fire Magic     | 2 |  2.0
Fighting       | 2 |  2.0
Stealth        | |  2.0

Action                   |  1- 3 |  4- 6 |  7- 9 || total
-------------------------+-------+-------+-------++-------
Melee: Unarmed           |     3 |     9 |       ||    12
       Kick              |     2 |     3 |       ||     5
       Peck              |       |     1 |       ||     1
 Fire: Hand crossbow     |       |       |     1 ||     1
 Cast: Magic Dart        |    81 |   148 |   208 ||   437
       Searing Ray       |     1 |     6 |    15 ||    22
       Fulminant Prism   |       |       |     1 ||     1
 Abil: Fly               |       |     1 |       ||     1
  Use: Scroll            |     6 |     2 |     3 ||    11
Armor: Robe              |     1 |     5 |     3 ||     9
Dodge: Dodged            |     5 |    38 |    58 ||   101

Table legend: (Time is in decaauts)
 A = Elapsed time spent in this place.
 B = Non-inter-level travel time spent in this place.
 C = Inter-level travel time spent in this place.
 D = Time resting spent in this place.
 E = Time spent auto-exploring this place.
 F = Levels seen in this place.
 G = Mean time per level.
                   A        B        C        D        E       F      G
               +--------+--------+--------+--------+--------+-----+--------+
         Total |  10205 |   9681 |    524 |     93 |   8638 |   8 | 1275.6 |
       Dungeon |   9995 |   9541 |    454 |     93 |   8503 |   7 | 1427.9 |
        Temple |    209 |    139 |     70 |      0 |    134 |   1 |  209.0 |
               +--------+--------+--------+--------+--------+-----+--------+

Top non-repeatable levels by time:
     D:3: 2145 daAuts
     D:5: 2050 daAuts
     D:2: 1699 daAuts
     D:6: 1650 daAuts
     D:1: 1297 daAuts
     D:4: 1068 daAuts
  Temple: 209 daAuts
     D:7: 84 daAuts
